 Dungeon Crawl Stone Soup version 0.22-a0-417-g1387785 (webtiles) character file.

141 Kairos the Chopper (level 5, -5/38 HPs)
             Began as a Demonspawn Gladiator on May 14, 2018.
             Slain by Kairos's ghost (7 damage)
             ... on level 3 of the Dungeon.
             The game lasted 00:02:00 (2409 turns).

Kairos the Chopper (Demonspawn Gladiator)           Turns: 2409, Time: 00:02:01

Health: -5/38      AC:  7    Str: 15    XL:     5   Next: 3%
Magic:  5/5        EV: 12    Int: 10    God:
Gold:   184        SH:  0    Dex: 14    Spells: 4/4 levels left

rFire    + . .     SeeInvis .   a - +0 war axe
rCold    . . .     Gourm    .   (no shield)
rNeg     . . .     Faith    .   m - +1 ring mail {rF+}
rPois    .         Spirit   .   c - +0 helmet
rElec    .         Reflect  .   (no cloak)
rCorr    .         Harm     .   (no gloves)
MR       .....                  (no boots)
Stlth    +.........             (no amulet)
HPRegen  0.12/turn              (no ring)
MPRegen  0.09/turn              (no ring)

@: drained
A: talons 1, spiny 1
a: no special abilities


You were on level 3 of the Dungeon.
You were hungry.

You visited 1 branch of the dungeon, and saw 3 of its levels.

You collected 184 gold pieces.

Inventory:

Hand Weapons
 a - a +0 war axe (weapon)
Missiles
 d - 3 throwing nets (quivered)
Armour
 b - a +0 leather armour
 c - a +0 helmet (worn)
 g - a +0 ring mail
 m - a +1 ring mail of fire resistance (worn)
Scrolls
 e - a scroll of amnesia {unknown}
 h - 2 scrolls of remove curse {unknown}
 j - 3 scrolls of identify {unknown}
 k - a scroll of random uselessness {unknown}
 l - a scroll of teleportation {unknown}
 o - a scroll of enchant armour {unknown}
 s - a scroll of magic mapping {unknown}
Potions
 i - a potion of degeneration {unknown}
 n - a potion of brilliance {unknown}
 p - a potion of resistance {unknown}
 q - a potion of ambrosia {unknown}
 r - a potion of berserk rage {unknown}
Comestibles
 f - 5 rations


   Skills:
 + Level 2.3(1.9) Fighting
 + Level 4.2(3.8) Axes
 + Level 1.8(1.4) Throwing
 + Level 1.2(0.8) Armour
 + Level 3.3(2.9) Dodging
 + Level 0.8(0.5) Stealth


You had 4 spell levels left.
You didn't know any spells.
Your spell library was empty.

Dungeon Overview and Level Annotations

Branches:
Dungeon (3/15)

Altars:

Annotations:
D:3 1 runed door, Kairos's ghost, amateur DsGl


Innate Abilities, Weirdness & Mutations

You have sharp toenails.
You are partially covered in sharp spines.


Message History

Kairos's ghost hits you!
Kairos's ghost is struck by your spines.
Kairos's ghost hits you!
* * * LOW HITPOINT WARNING * * *
You are too injured to fight recklessly!
You are too injured to fight recklessly!
You are too injured to fight recklessly!
Kairos's ghost hits you but does no damage.
Found a scroll labeled XAXEZEMEOT.
You see here 27 arrows.
Kairos's ghost says very slowly, "There's no hope."
There is a stone staircase leading up here.
You hit Kairos's ghost. Your kick misses Kairos's ghost.
Kairos's ghost is severely damaged.
Kairos's ghost misses you.
Kairos's ghost is struck by your spines.
Kairos's ghost hits you!
* * * LOW HITPOINT WARNING * * *
Kairos's ghost hits you!
You die...

#.....##... #...†......
#.......... ###...#...[
####...#.... ##......#.###
..? ######....†..#.# ...
#####..........###.## .....
#...W@.....##..# #..#
....... #.###..######..#
##.# ...)...##.#
##....#....# #.# .......#.##
####...##.####<# .......(.##
##.#.......#.## ###
##.#.##...####..####.##.....
..## #....#.#......##
#.####.## ..#
#.#....#..)#### #.# #.##
#.###.#...##.#.# #.# #.##


You could see Kairos's ghost.

Vanquished Creatures
  Terence (D:3)
  4 gnolls (D:2)
  2 adders (D:3)
  An ooze (D:1)
  A worm (D:2)
  2 leopard geckos
  2 orcs (D:3)
  6 giant cockroaches
  4 goblins
  6 hobgoblins
  7 kobolds
  2 quokkas (D:3)
  2 bats (D:1)
  3 frilled lizards
  3 rats
46 creatures vanquished.

Notes
Turn   | Place    | Note
-------+----------+-------------------------------------------
     0 | D:1      | Kairos the Demonspawn Gladiator began the quest for the Orb.
     0 | D:1      | Reached XP level 1. HP: 16/16 MP: 1/1
   163 | D:1      | Gained mutation: You have sharp toenails. [demonic ancestry]
   163 | D:1      | Reached XP level 2. HP: 18/22 MP: 2/2
   218 | D:1      | Reached skill level 3 in Axes
   740 | D:2      | Reached XP level 3. HP: 27/27 MP: 3/3
   984 | D:2      | Gained mutation: You are partially covered in sharp spines. [demonic ancestry]
   984 | D:2      | Reached XP level 4. HP: 10/33 MP: 4/4
  1894 | D:3      | Reached skill level 4 in Axes
  1944 | D:3      | Found a runed door.
  1982 | D:3      | Reached skill level 1 in Armour
  1984 | D:3      | Noticed Terence
  1998 | D:3      | Killed Terence
  1998 | D:3      | Reached XP level 5. HP: 18/38 MP: 5/5
  2008 | D:3      | Noticed Kairos's ghost (amateur DsGl)
  2409 | D:3      | Slain by Kairos's ghost

Vault maps used:
D:1:      dpeg_arrival_rooms_with_view, serial_glass, glass_columns_b,
          glass_columns_b
D:3:      uniq_ijyb, uniq_terence, uniq_crazy_yiuf_cottage

Skill      XL: |  1  2  3  4 |
---------------+-------------+-----
Dodging        | 3 |  3.3
Axes           | 3 4 |  4.2
Armour         | 1 |  1.2
Fighting       | |  2.3
Throwing       | |  1.8
Stealth        | |  0.8

Action                   |  1- 3 |  4- 6 || total
-------------------------+-------+-------++-------
Melee: War axe           |    70 |    46 ||   116
       Kick              |    14 |    14 ||    28
  Eat: Chunk             |       |     4 ||     4
Armor: Ring mail         |    21 |    21 ||    42
       Leather armour    |     2 |       ||     2
Dodge: Dodged            |    43 |    25 ||    68

Table legend:
 A = Spawn XP
 B = Non-spawn XP
 C = Spawn XP percentage of total XP
 D = Spawn monster count
 E = Non-spawn monster count
 F = Spawn count percentage of total count
 G = Total turns spent on level
                    A         B        C        D         E        F      G
               +---------+---------+-------+---------+---------+-------+---------
         Total |       0 |     202 |   0.0 |       0 |      46 |   0.0 |  2409
               +---------+---------+-------+---------+---------+-------+---------
           D:1 |       0 |      28 |   0.0 |       0 |      14 |   0.0 |   598
           D:2 |       0 |      85 |   0.0 |       0 |      16 |   0.0 |  1203
           D:3 |       0 |      89 |   0.0 |       0 |      16 |   0.0 |   608
               +---------+---------+-------+---------+---------+-------+---------
